 Dungeon Crawl Stone Soup version 0.29-a0-338-g1ff7896281 (webtiles) character file.

Game seed: 7750549578325393793

440 Murumi the Sneak (level 6, -1/51 HPs)
             Began as a Demigod Fighter on Apr 19, 2022.
             Slain by a wyvern zombie (2 damage)
             ... in an ossuary.
             The game lasted 00:09:24 (3462 turns).

Murumi the Sneak (Demigod Fighter)                  Turns: 3462, Time: 00:09:24

Health: -1/51      AC: 17    Str: 20    XL:     6   Next: 42%
Magic:  8/8        EV: 12    Int: 12    God:
Gold:   123        SH:  6    Dex: 21    Spells: 5/5 levels left

rFire   + . .      SeeInvis .   a - +0 long sword
rCold   . . .      Faith    .   c - +0 buckler
rNeg    . . .      Spirit   .   e - +7 ring mail "Ulugg" {rF+ Str+3 Int+2 Stlth+}
rPois   .          Reflect  .   (no helmet)
rElec   .          Harm     .   k - +0 cloak
rCorr   .          Rampage  .   (no gloves)
Will    .....                   (no boots)
Stlth   +++.......              (no amulet)
HPRegen 0.17/turn               h - +4 ring of protection
MPRegen 0.11/turn               (no ring)

@: no status effects
A: high MP 1, forlorn, divine attributes
a: no special abilities


You were in an ossuary.
You visited 1 branch of the dungeon, and saw 4 of its levels.
You also visited: Ossuary.

You collected 172 gold pieces.
You spent 49 gold pieces at shops.

Inventory:

Hand Weapons
 a - a +0 long sword (weapon)
Armour
 c - a +0 buckler (worn)
 e - the +7 ring mail "Ulugg" (worn) {rF+ Str+3 Int+2 Stlth+}
   (You found it on level 2 of the Dungeon)

   Str:       It affects your strength (+3).
   Int:       It affects your intelligence (+2).
   rF:        It protects you from fire.
   Stlth:     It makes you more stealthy.
 k - a +0 cloak (worn)
Jewellery
 h - a +4 ring of protection (left hand)
Scrolls
 f - 3 scrolls of identify
 g - a scroll of teleportation
Potions
 i - a potion of flight
 j - a potion of mutation


   Skills:
 - Level 3.0 Fighting
 + Level 3.6 Long Blades
 - Level 3.0 Armour
 - Level 3.0 Dodging
 - Level 4.0 Stealth
 - Level 3.0 Shields


You had 5 spell levels left.
You didn't know any spells.
Your spell library contained the following spells:

 Spells                   Type           Power      Damage    Failure   Level
 Hailstorm                Conj/Ice       0%         3d3       100%        4
 Summon Ice Beast         Ice/Summ       0%         N/A       100%        4
 Metabolic Englaciation   Hex/Ice        0%         N/A       100%        5
 Starburst                Conj/Fire      0%         6d3       100%        6


Dungeon Overview and Level Annotations

Branches:
Dungeon (4/15)             Temple (0/1) D:4         Ossuary (1/1)

Shops:
D:2 =   D:3 [


Innate Abilities, Weirdness & Mutations

You have an increased reservoir of magic. (+10% MP)
You shall have no god before yourself.
Your divine heritage dramatically boosts your attributes as you level up.


Message History

The bog mummy is moderately damaged.
You block the bog mummy's attack.
You hit the bog mummy.
The bog mummy is heavily damaged.
The bog mummy closely misses you.
You hit the bog mummy.
The bog mummy is severely damaged.
The bog mummy closely misses you.
You hit the bog mummy.
The bog mummy is almost destroyed.
You slash the bog mummy!
You destroy the bog mummy!
You block the wyvern zombie's attack.
You hit the wyvern zombie but do no damage.
The wyvern zombie misses you.
You slash the wyvern zombie!
The wyvern zombie is moderately damaged.
The wyvern zombie bites you. x2
You hit the wyvern zombie but do no damage.
The wyvern zombie is moderately damaged.
The wyvern zombie bites you! x2
You are too injured to fight recklessly!
You are too injured to fight recklessly!
You barely miss the wyvern zombie.
The wyvern zombie is moderately damaged.
The wyvern zombie closely misses you.
You hit the wyvern zombie.
The wyvern zombie is moderately damaged.
The wyvern zombie bites you!
* * * LOW HITPOINT WARNING * * *
The wyvern zombie bites you but does no damage.
You hit the wyvern zombie.
The wyvern zombie is moderately damaged.
The wyvern zombie bites you!
* * * LOW HITPOINT WARNING * * *
Okay, then.
You hit the wyvern zombie but do no damage.
The wyvern zombie is moderately damaged.
The wyvern zombie bites you.
You die...

#' ..+
###.#
.#.' '.#
#.'
###.###
#.'.Z@#
#####.###
#∩..#.'.#
#.∩.'.###
#...#.'.#
#####.###
..' #+##


You could see a wyvern zombie.

Vanquished Creatures
  A wyvern zombie (Ossuary)
  3 water moccasin zombies (Ossuary)
  A centaur zombie (Ossuary)
  A killer bee zombie (Ossuary)
  6 mummies (Ossuary)
  A worm (D:2)
  8 orcs
  6 bats
  5 endoplasms
  A giant cockroach (D:2)
  8 goblins
  5 hobgoblins
  2 jackals (D:1)
  3 quokkas
  6 ball pythons
  7 kobolds
  3 rats
67 creatures vanquished.

Vanquished Creatures (others)
  7 withered plants (Ossuary)
7 creatures vanquished.

Grand Total: 74 creatures vanquished

Notes
Turn   | Place    | Note
-------+----------+-------------------------------------------
     0 | D:1      | Murumi the Demigod Fighter began the quest for the Orb.
     0 | D:1      | Reached XP level 1. HP: 18/18 MP: 3/3
   371 | D:1      | Reached XP level 2. HP: 18/26 MP: 4/4
  1039 | D:1      | Got the Catalogue of Conjuration
  1086 | D:1      | Reached skill level 1 in Dodging
  1415 | D:2      | Identified the +7 ring mail "Ulugg" {rF+ Str+3 Int+2
                  | Stlth+}
  1461 | D:2      | Reached XP level 3. HP: 24/31 MP: 5/5
  1595 | D:2      | Reached skill level 1 in Stealth
  1881 | D:2      | Found Wyotudao's Jewellery Shoppe.
  2243 | D:3      | Found Cymurr's Armour Boutique.
  2257 | D:3      | Bought a +0 cloak for 49 gold pieces
  2452 | D:3      | Got Rubaela's Grimoire of the Frostbite
  3047 | D:4      | Found a staircase to the Ecumenical Temple.
  3127 | D:4      | Found a sand-covered staircase.
  3136 | Ossuary  | Entered an ossuary
  3153 | Ossuary  | Reached XP level 4. HP: 29/38 MP: 6/6
  3159 | Ossuary  | Reached skill level 2 in Stealth
  3176 | Ossuary  | Reached skill level 3 in Stealth
  3185 | Ossuary  | Reached XP level 5. HP: 18/45 MP: 7/7
  3199 | Ossuary  | Reached XP level 6. HP: 15/51 MP: 8/8
  3211 | Ossuary  | Reached skill level 4 in Stealth
  3461 | Ossuary  | HP: 1/51 [wyvern zombie (8)]
  3462 | Ossuary  | Slain by a wyvern zombie

Illustrated notes

Levels and vault maps discovered:
D:1:      lemuel_arrival_behind_the_door_small, layout_loops_cross,
          dreamdust_ecumenical_altar_hidden_monk_grotto, minmay_pentomino_x4
D:2:      layout_loops_ring, serial_shops, shop, chequers_serial_rivers_micro_a,
          hangedman_glass_garden
D:3:      layout_basic, serial_shops, shop
D:4:      layout_loops_ring, minmay_temple_entry_trees,
          nicolae_ossuary_entry_ruins, nrook_uturn, kennysheep_generic_room_5,
          uniq_blork_the_orc, uniq_natasha
Ossuary:  ossuary_zaba_flooded

Skill      XL: |  1  2  3  4  5  6 |
---------------+-------------------+-----
Long Blades    | 2 3 |  3.6
Fighting       | 3 |  3.0
Armour         | 3 |  3.0
Shields        | 3 |  3.0
Dodging        | 1 2 3 |  3.0
Stealth        | 1 3 4 |  4.0

Action                   |  1- 3 |  4- 6 || total
-------------------------+-------+-------++-------
Melee: Long sword        |   184 |    76 ||   260
  Use: Scroll            |     7 |       ||     7
       Potion            |       |     2 ||     2
 Stab: Sleeping          |    10 |       ||    10
       Distracted        |     1 |       ||     1
Armor: Scale mail        |    37 |       ||    37
       Ring mail         |    23 |    24 ||    47
Dodge: Dodged            |    85 |    40 ||   125
Block: Buckler           |    29 |    19 ||    48

Table legend: (Time is in decaauts)
 A = Elapsed time spent in this place.
 B = Non-inter-level travel time spent in this place.
 C = Inter-level travel time spent in this place.
 D = Time resting spent in this place.
 E = Time spent auto-exploring this place.
 F = Levels seen in this place.
 G = Mean time per level.
                   A        B        C        D        E       F      G
               +--------+--------+--------+--------+--------+-----+--------+
         Total |   3550 |   3390 |    160 |    170 |   2547 |   5 |  710.0 |
       Dungeon |   3199 |   3039 |    160 |      0 |   2492 |   4 |  799.8 |
       Ossuary |    351 |    351 |      0 |    170 |     55 |   1 |  351.0 |
               +--------+--------+--------+--------+--------+-----+--------+

Top non-repeatable levels by time:
     D:1: 1333 daAuts
     D:3: 905 daAuts
     D:2: 862 daAuts
 Ossuary: 351 daAuts
     D:4: 97 daAuts
